 Dungeon Crawl Stone Soup version 0.21.1-1-g345015fe64 (webtiles) character file.

142 Peloso the Shield-Bearer (level 5, -7/46 HPs)
             Began as a Minotaur Fighter on July 14, 2018.
             Killed from afar by Salt's ghost (14 damage)
             ... with a flame tongue
             ... on level 3 of the Dungeon.
             The game lasted 00:04:38 (1685 turns).

Peloso the Shield-Bearer (Minotaur Fighter)         Turns: 1685, Time: 00:04:39

Health: -7/46      AC: 10    Str: 20    XL:     5   Next: 3%
Magic:  4/4        EV:  5    Int:  5    God:
Gold:   90         SH:  9    Dex: 11    Spells: 4/4 levels left

rFire    . . .     SeeInvis .   a - +0 long sword
rCold    . . .     Gourm    .   c - +0 shield
rNeg     . . .     Faith    .   b - +0 chain mail
rPois    .         Spirit   .   (helmet restricted)
rElec    .         Reflect  .   o - +0 cloak
rCorr    .         Harm     +   (no gloves)
MR       .....                  (no boots)
Stlth    ..........             k - amulet of harm
HPRegen  0.15/turn              m - ring of loudness (curse)
MPRegen  0.09/turn              (no ring)

@: no status effects
A: retaliatory headbutt, horns 2
a: no special abilities


You were on level 3 of the Dungeon.
You were not hungry.

You visited 1 branch of the dungeon, and saw 3 of its levels.

You collected 90 gold pieces.

Inventory:

Hand Weapons
 a - a +0 long sword (weapon)
Armour
 b - a +0 chain mail (worn)
 c - a +0 shield (worn)
 o - a +0 cloak (worn)
Jewellery
 k - an amulet of harm (around neck)
 m - a cursed ring of loudness (left hand)
Scrolls
 e - a scroll of identify {unknown}
 h - a scroll of remove curse
 i - a scroll of teleportation
 j - 2 scrolls of enchant weapon {unknown}
Potions
 d - a potion of might
 g - a potion of magic {unknown}
 l - a potion of flight {unknown}
Comestibles
 f - 5 rations


   Skills:
 + Level 4.2 Fighting
 + Level 4.3 Long Blades
 + Level 4.3 Armour
 + Level 0.4 Dodging
 + Level 4.9 Shields


You had 4 spell levels left.
You didn't know any spells.

Dungeon Overview and Level Annotations

Branches:
Dungeon (3/15)

Altars:

Annotations:
D:3 Grinder; Salt's ghost, amateur DEFE


Innate Abilities, Weirdness & Mutations

You reflexively headbutt those who attack you in melee.
You have a pair of horns on your head.


Message History

An orc comes into view.
The orc shouts!
You hear a shout!
The orc barely misses you.
Salt's ghost (amateur Deep Elf Fire Elementalist) comes into view.
Salt's ghost turns its malevolent gaze towards you.
The orc hits you. The orc hits you but does no damage. x2
You can move again.
You slash the orc!
You kill the orc!
Unknown command.
You barely miss the orc.
You kill the orc!
Your life force feels restored.
Grinder gestures at you. Pain shoots through your body!
* * * LOW HITPOINT WARNING * * *
Salt's ghost points at you and mumbles some strange words.
The flame tongue hits you!
You die...

................'>.......
......#.###.....#....####
....#.# ###.....#....#
....# #.......#.####
....# #...#+###.# ###.#
#...#.###.###### .#
###....(........ .
#.#####.####......
#......5W.@.......
#).####'####...... #....#
##### #....# #....#
#....# ....5.. ..........
.........(


You could see Grinder and Salt's ghost.

Vanquished Creatures
  A hound (D:2)
  Crazy Yiuf (D:2)
  3 adders (D:2)
  A worm (D:2)
  A dart slug (D:1)
  3 leopard geckos
  2 orcs (D:3)
  A giant cockroach (D:1)
  3 goblins (D:1)
  3 hobgoblins
  6 jackals (D:1)
  A ball python (D:2)
  11 bats
  3 frilled lizards (D:2)
  4 kobolds (D:2)
  3 rats (D:1)
  A fungus (D:1)
48 creatures vanquished.

Notes
Turn   | Place    | Note
-------+----------+-------------------------------------------
     0 | D:1      | Peloso the Minotaur Fighter began the quest for the Orb.
     0 | D:1      | Reached XP level 1. HP: 19/19 MP: 0/0
   335 | D:1      | Reached XP level 2. HP: 19/27 MP: 1/1
   712 | D:1      | Reached XP level 3. HP: 32/33 MP: 2/2
   955 | D:2      | Reached XP level 4. HP: 22/40 MP: 3/3
  1289 | D:2      | Found a runed door.
  1556 | D:2      | Noticed Crazy Yiuf
  1561 | D:2      | Killed Crazy Yiuf
  1654 | D:3      | Noticed Grinder
  1665 | D:3      | Reached XP level 5. HP: 45/46 MP: 4/4
  1667 | D:3      | Paralysed by Grinder for 5 turns
  1677 | D:3      | Paralysed by Grinder for 7 turns
  1681 | D:3      | Noticed Salt's ghost (amateur DEFE)
  1685 | D:3      | Killed from afar by Salt's ghost

Skill      XL: |  1  2  3  4 |
---------------+-------------+-----
Fighting       | 4 |  4.2
Shields        | 4 |  4.9
Armour         | 4 |  4.3
Long Blades    | 3 4 |  4.3
Dodging        | |  0.4

Action                   |  1- 3 |  4- 6 || total
-------------------------+-------+-------++-------
Melee: Long sword        |    86 |    68 ||   154
       Headbutt          |    13 |    11 ||    24
  Use: Scroll            |     3 |       ||     3
  Eat: Chunk             |       |     3 ||     3
Armor: Scale mail        |    27 |       ||    27
       Chain mail        |    31 |    45 ||    76
Dodge: Dodged            |    25 |    18 ||    43
Block: Shield            |    57 |    45 ||   102
       Rpst.: Long sword |     7 |     7 ||    14
